 Dungeon Crawl Stone Soup version 0.31-a0-981-geadf994542 (webtiles) character file.

Game seed: 8444894718727437166

3469 Fodor the Spear-Bearer (level 9, -6/73 (79) HPs)
             Began as a Minotaur Fighter on Oct 31, 2023.
             Was an Initiate of Gozag.
             Mangled by Joseph
             ... wielding a +0 quarterstaff
              (13 damage)
             ... on level 7 of the Dungeon.
             The game lasted 00:37:14 (7022 turns).

Fodor the Spear-Bearer (Minotaur Fighter)           Turns: 7022, Time: 00:37:15

HP:   -6/73 (79)    AC: 12    Str: 25    XL:     9   Next: 79%
MP:   8/8           EV: 12    Int:  5    God:    Gozag
Gold: 273           SH:  0    Dex: 10    Spells: 8/8 levels left

rFire   . . .        J - +5 dire flail
rCold   . . .        (shield currently unavailable)
rNeg    . . .        D - quicksilver dragon scales
rPois   .            (helmet currently unavailable)
rElec   .            B - melded +0 cloak {rPois}
rCorr   .            G - melded +0 pair of gloves of Fehizes {rN+ Str+2 Int-2}
SInv    .            b - melded +0 pair of boots
Will    +....        (no amulet)
Stlth   +            (no ring)
HPRegen 0.32/turn    (no ring)
MPRegen 0.11/turn

%: no passive effects
@: beast-form, drained
A: beast (slay +1), horns 2, retaliatory headbutt
a: Begin Untransformation, Renounce Religion, Potion Petition, Call Merchant,
Bribe Branch


You were on level 7 of the Dungeon.
You worshipped Gozag.
Gozag was aware of your devotion.
You were a hulking beast.
You visited 2 branches of the dungeon, and saw 8 of its levels.

You collected 588 gold pieces.
You spent 244 gold pieces at shops.
You paid 71 gold pieces to Gozag.

Inventory:

Hand Weapons
 a - a +0 war axe
 w - a +0 scythe of flaming
 x - the +0 sling of Viokoz {heavy, rElec Will++}
   (You found it on level 3 of the Dungeon)

   rElec:     It insulates you from electricity.
   Will++:    It greatly increases your willpower.
 A - a +4 quarterstaff of chaos
 J - a +5 dire flail (weapon)
Missiles
 e - 7 boomerangs (quivered)
 z - 16 poisoned darts
Armour
 b - a +0 pair of boots (melded)
 c - a +0 buckler
 B - a +0 cloak of poison resistance (melded)
 D - quicksilver dragon scales (worn)
 G - the +0 pair of gloves of Fehizes (melded) {rN+ Str+2 Int-2}
   (You bought it in a shop on level 6 of the Dungeon)

   Str+2:     It affects your strength (+2).
   Int-2:     It affects your intelligence (-2).
   rN+:       It protects you from negative energy.
Jewellery
 y - a ring of ice
Talismans
 h - a beast talisman (active)
 k - a dragon-blood talisman
Wands
 f - a wand of iceblast (3)
 u - a wand of polymorph (3)
 C - a wand of quicksilver (8)
Scrolls
 g - a scroll of immolation
 l - 2 scrolls of noise
 o - 2 scrolls of fog
 q - 2 scrolls of vulnerability
 r - a scroll of blinking {unknown}
 s - 2 scrolls of revelation
 t - 3 scrolls of poison
 E - a scroll of fear {unknown}
 H - 2 scrolls of enchant armour
 K - a scroll of enchant weapon
Potions
 d - 2 potions of might
 i - 2 potions of enlightenment
 j - 3 potions of brilliance
 m - 3 potions of attraction
 n - 2 potions of lignification
 p - a potion of haste {unknown}
 v - a potion of ambrosia
 F - 2 potions of heal wounds
 I - 2 potions of curing {unknown}


   Skills:
 + Level 7.4 Fighting
 + Level 5.3(8.3) Axes
 + Level 1.3(3.6) Maces & Flails
 + Level 9.8(10.4) Polearms
 + Level 2.3 Ranged Weapons
 + Level 8.3 Armour
 + Level 3.3 Dodging
 + Level 0.8 Stealth
 + Level 4.2 Shields
 + Level 3.1 Shapeshifting


You had 8 spell levels left.
You didn't know any spells.
Your spell library contained the following spells:

 Spells                   Type           Power      Damage    Failure   Level
 Apportation              Tloc           0%         N/A       58%         1
 Cigotuvi's Dreadful Rot  Necr/Pois/Air  0%         N/A       75%         2
 Ensorcelled Hibernation  Hex/Ice        0%         N/A       75%         2
 Jinxbite                 Hex            0%         N/A       75%         2
 Ignite Poison            Fire/Tmut/Pois 0%         N/A       92%         3
 Anguish                  Hex/Necr       0%         N/A       100%        4
 Alistair's Intoxication  Tmut/Pois      0%         N/A       100%        5
 Freezing Cloud           Conj/Ice/Air   0%         6-21      100%        5


Dungeon Overview and Level Annotations

Branches:
Dungeon (7/15)             Temple (1/1) D:5

Altars:
Ashenzari
Cheibriados
Dithmenos
Elyvilon
Fedhas
Gozag
Hepliaklqana
Kikubaaqudgha
Makhleb
Qazlal
Ru
Sif Muna
Trog
Uskayaw
Vehumet
Wu Jian
Xom
Yredelemnul
Zin
The Shining One

Shops:
D:4 *?=*   D:6 [

Annotations:
D:7 Joseph


Innate Abilities, Weirdness & Mutations

You are a hulking beast.
Your limbs bulge with bestial killing power. (Slay +1)
You have a pair of horns on your head.
You reflexively headbutt those who attack you in melee.


Message History

You hit Joseph.
Joseph is lightly wounded.
Joseph hits you with a +0 quarterstaff.
You barely miss Joseph.
Joseph is lightly wounded.
Joseph hits you with a +0 quarterstaff.
You hit Joseph. You headbutt Joseph.
Joseph is lightly wounded.
Joseph hits you with a +0 quarterstaff.
You closely miss Joseph.
Joseph is lightly wounded.
Joseph says, "I'm here to kill trespassers.
I like my job."
Joseph barely misses you. You furiously retaliate!
You headbutt Joseph! You barely miss Joseph.
Joseph is moderately wounded.
Joseph closely misses you.
You puncture Joseph!
Joseph is heavily wounded.
Joseph hits you with a +0 quarterstaff.
You hit Joseph. Your headbutt misses Joseph.
Joseph is heavily wounded.
Joseph says, "No trespassing is allowed here."
Joseph hits you with a +0 quarterstaff.
You hit Joseph.
Joseph is heavily wounded.
Joseph hits you with a +0 quarterstaff.
You barely miss Joseph.
Joseph is heavily wounded.
Joseph hits you with a +0 quarterstaff! x2
* * * LOW HITPOINT WARNING * * *
You hit Joseph.
Joseph is heavily wounded.
Joseph hits you with a +0 quarterstaff.
* * * LOW HITPOINT WARNING * * *
You barely miss Joseph. You headbutt Joseph.
Joseph is severely wounded.
Joseph smiles happily.
Joseph hits you with a +0 quarterstaff!
You die...
Your body crumbles into a pile of gold.

#...#..#.####..#.......
######.......#.#.......
##.####............
###...##............
#.....[......#......
###.###.###...>.......
#..............#......
#########......#......
P #####.h@...... ..P
#.##..#......
P_P..#.#...#).....
#.P.#..# ..... ########
.... ####


You could see Joseph.

Vanquished Creatures
  Pikel (D:5)
  Jeremiah (D:7)
  Prince Ribbit (D:5)
  Sigmund (D:3)
  Eustachio (D:5)
  Menkaure (D:5)
  A water moccasin (D:5)
  2 black bears
  4 ogres
  A lemure (D:5)
  A phantom (D:6)
  A bullfrog (D:6)
  3 scorpions
  4 wights (D:7)
  9 orc priests
  3 hounds
  Crazy Yiuf (D:3)
  A jelly (D:4)
  Jessica (D:2)
  3 iguanas
  Ijyb (D:4)
  7 orc wizards
  4 gnolls (D:5)
  3 adders
  A white imp (D:5)
  2 ufetubi (D:6)
  A worm (D:2)
  2 dart slugs (D:2)
  37 orcs
  6 ball pythons
  6 bats
  11 endoplasms
  5 giant cockroaches
  10 hobgoblins
  2 jackals
  5 kobolds
  4 quokkas
  4 frilled lizards
  9 goblins
  5 rats
166 creatures vanquished.

Notes
Turn   | Place    | Note
-------+----------+-------------------------------------------
     0 | D:1      | Fodor the Minotaur Fighter began the quest for the Orb.
     0 | D:1      | Reached XP level 1. HP: 19/19 MP: 0/0
   247 | D:1      | Reached XP level 2. HP: 24/27 MP: 1/1
  1040 | D:2      | Reached XP level 3. HP: 33/33 MP: 2/2
  1177 | D:2      | Found a burning altar of Makhleb.
  1262 | D:2      | Noticed Jessica
  1266 | D:2      | Killed Jessica
  1283 | D:2      | Reached XP level 4. HP: 38/40 MP: 3/3
  1730 | D:2      | Identified the +2 leather armour of Uzelunun {Str-4 Int+4}
  1892 | D:3      | Noticed Sigmund
  1909 | D:3      | Killed Sigmund
  1910 | D:3      | Reached skill level 5 in Axes
  1910 | D:3      | Reached skill level 1 in Dodging
  1910 | D:3      | Reached XP level 5. HP: 17/47 MP: 4/4
  2150 | D:3      | Found a white marble altar of Elyvilon.
  2264 | D:3      | Found a faded altar of an unknown god.
  2423 | D:3      | Identified the +0 sling of Viokoz {heavy, rElec Will++}
  2597 | D:3      | Reached XP level 6. HP: 48/49 MP: 5/5
  2748 | D:3      | Found a runed translucent door.
  2749 | D:3      | Noticed Crazy Yiuf
  2754 | D:3      | Killed Crazy Yiuf
  3371 | D:4      | Found Sifra's Magic Scroll Emporium.
  3400 | D:4      | Bought a scroll of identify for 20 gold pieces
  3400 | D:4      | Bought a scroll of identify for 20 gold pieces
  3426 | D:4      | Found a burning altar of Makhleb.
  3444 | D:4      | Reached skill level 5 in Fighting
  3453 | D:4      | Reached skill level 1 in Polearms
  3453 | D:4      | Reached skill level 1 in Ranged Weapons
  3453 | D:4      | Reached skill level 1 in Shapeshifting
  3490 | D:4      | Noticed Ijyb
  3493 | D:4      | Reached skill level 5 in Armour
  3505 | D:4      | Killed Ijyb
  3524 | D:4      | Found an ornate altar of the Wu Jian Council.
  3575 | D:4      | Reached XP level 7. HP: 47/61 MP: 6/6
  3728 | D:4      | Found Amuoply's Jewellery Emporium.
  3823 | D:4      | Reached skill level 2 in Polearms
  3824 | D:4      | HP: 3/61 [poisoned by a scorpion]
  4078 | D:4      | Found a broken altar of Ashenzari.
  4444 | D:4      | Found Ridivups's Assorted Antiques.
  4542 | D:4      | Found a bloodstained altar of Trog.
  4557 | D:4      | Found Affirom's Assorted Antiques.
  4741 | D:5      | Entered Level 5 of the Dungeon
  4803 | D:5      | Reached skill level 3 in Polearms
  4851 | D:5      | Noticed Eustachio
  4866 | D:5      | Killed Eustachio
  4882 | D:5      | Reached skill level 4 in Polearms
  4943 | D:5      | Found a hide-covered altar of Uskayaw.
  5011 | D:5      | Reached skill level 5 in Polearms
  5011 | D:5      | Reached XP level 8. HP: 61/70 MP: 7/7
  5207 | D:5      | Noticed Pikel
  5220 | D:5      | Killed Pikel
  5221 | D:5      | Reached skill level 7 in Polearms
  5383 | D:5      | Found a staircase to the Ecumenical Temple.
  5408 | Temple   | Entered the Ecumenical Temple
  5432 | Temple   | Became a worshipper of Gozag Ym Sagoz the Greedy
  5512 | D:5      | Noticed Menkaure
  5520 | D:5      | Killed Menkaure
  5600 | D:5      | Reached XP level 9. HP: 67/78 MP: 8/8
  5615 | D:5      | Found a shadowy altar of Dithmenos.
  5689 | D:5      | Noticed Prince Ribbit
  5694 | D:5      | Killed Prince Ribbit
  5695 | D:5      | Reached skill level 8 in Polearms
  6284 | D:6      | Found Luan's Armour Emporium.
  6294 | D:6      | Bought the +0 pair of gloves of Fehizes {rN+ Str+2 Int-2}
                  | for 204 gold pieces
  6402 | D:6      | Reached skill level 9 in Polearms
  6653 | D:7      | Found a radiant altar of Vehumet.
  6941 | D:7      | Noticed Jeremiah
  6943 | D:7      | Found a glowing silver altar of Zin.
  6968 | D:7      | Killed Jeremiah
  6969 | D:7      | Reached skill level 1 in Maces & Flails
  7004 | D:7      | Noticed Joseph
  7008 | D:7      | Found a sacrificial altar of Ru.
  7022 | D:7      | Mangled by Joseph

Illustrated notes

Levels and vault maps discovered:
D:1:      minmay_arrival_wavy_path, layout_loops_corners,
          wander_ebering_terrifying_dragon_lair
D:2:      layout_loops_ring, basic_altar, minmay_randomly_rotated_circles,
          uniq_jessica
D:3:      minmay_inner_zag, layout_loops_corners, elyvilon_altar_5,
          chequers_ecumenical_altar_lobes, uniq_crazy_yiuf_cottage, uniq_sigmund
D:4:      layout_basic, nicolae_overflow_crystal_walls, general_overflow_altar,
          mainiacjoe_overflow_brackets, nzn_wu_jian_contemplation, serial_shops,
          shop, shop, nicolae_shop_trees, kennysheep_little_box, uniq_ijyb
D:5:      black_bear_nest_1, layout_rooms, nicolae_uskayaw_suspiria,
          nicolae_dithmenos_the_darkroom, minmay_temple_entry_drinking_statues,
          serial_bayou_pond_c, palyth_stone_intersect, uniq_prince_ribbit1,
          uniq_menkaure, uniq_eustachio, uniq_pikel
D:6:      layout_basic, serial_shops, nicolae_shop_crystal, moated_statue,
          ebering_dispersal_statue_hall
D:7:      layout_rooms, kennysheep_mini, nicolae_ru_the_path_less_chosen,
          okawaru_ov_weapons_minmay, zin_academy, uniq_jeremiah, uniq_joseph
Temple:   dpeg_chambers_temple

Skill      XL: |  1  2  3  4  5  6  7  8  9 |
---------------+----------------------------+-----
Armour         | 4 5 6 7 8 |  8.3
Fighting       | 4 5 6 7 |  7.4
Axes           | 3 5 |  5.3
Shields        | 4 |  4.2
Dodging        | 1 2 3 |  3.3
Polearms       | 1 5 7 9 |  9.8
Ranged Weapons | 2 |  2.3
Shapeshifting  | 1 2 3 |  3.1
Maces & Flails | 1 |  1.3
Stealth        | |  0.8

Action                     |  1- 3 |  4- 6 |  7- 9 || total
---------------------------+-------+-------+-------++-------
  Melee: War axe           |    55 |    27 |       ||    82
         Headbutt          |     7 |    14 |    27 ||    48
         Halberd           |       |    56 |   214 ||   270
         Dire flail        |       |       |    21 ||    21
   Fire: Sling             |       |    18 |       ||    18
    Use: Scroll            |       |    10 |     5 ||    15
         Potion            |       |     3 |     1 ||     4
 Armour: Scale mail        |    41 |    58 |       ||    99
         Chain mail        |       |    41 |    48 ||    89
         Quicksilver drago |       |       |   171 ||   171
  Dodge: Dodged            |    25 |    69 |   128 ||   222
  Block: Buckler           |    13 |     7 |       ||    20
   Form: Beast             |     1 |     3 |     1 ||     5
                           |       |     3 |     1 ||     4

Table legend: (Time is in decaauts)
 A = Elapsed time spent in this place.
 B = Non-inter-level travel time spent in this place.
 C = Inter-level travel time spent in this place.
 D = Time resting spent in this place.
 E = Time spent auto-exploring this place.
 F = Levels seen in this place.
 G = Mean time per level.
                   A        B        C        D        E       F      G
               +--------+--------+--------+--------+--------+-----+--------+
         Total |   7133 |   6920 |    213 |   1326 |      0 |   8 |  891.6 |
       Dungeon |   7086 |   6873 |    213 |   1326 |      0 |   7 | 1012.3 |
        Temple |     46 |     46 |      0 |      0 |      0 |   1 |   46.0 |
               +--------+--------+--------+--------+--------+-----+--------+

Top non-repeatable levels by time:
     D:3: 1499 daAuts
     D:4: 1432 daAuts
     D:1: 1027 daAuts
     D:5: 1020 daAuts
     D:6: 870 daAuts
     D:2: 861 daAuts
     D:7: 375 daAuts
  Temple: 46 daAuts
